 Dungeon Crawl Stone Soup version 0.30-b1-2-g02819fbbbe (webtiles) character file.

Game seed: 2951171844995041150

5411 raph the Severer (level 10, -6/84 (86) HPs)
             Began as a Minotaur Berserker on June 7, 2023.
             Was a High Priest of Trog.
             Mangled by a wight
             ... wielding a +4 halberd
              (13 damage)
             ... on level 9 of the Dungeon.
             The game lasted 00:09:53 (7674 turns).

raph the Severer (Minotaur Berserker)               Turns: 7674, Time: 00:09:53

HP:   -6/84 (86)    AC: 15    Str: 22    XL:     10   Next: 40%
MP:   9/9           EV: 11    Int:  4    God:    Trog [*****.]
Gold: 88            SH:  5    Dex: 14    Spells: 9/9 levels left

rFire   . . .        a - +0 war axe (heavy)
rCold   . . .        (no shield)
rNeg    . . .        A - +2 chain mail {Will+}
rPois   .            (helmet restricted)
rElec   .            (no cloak)
rCorr   .            (no gloves)
SInv    .            z - +2 pair of boots
Will    +++..        p - amulet of reflection Stlth
                     (no ring)
HPRegen 1.34/turn    (no ring)
MPRegen 0.11/turn

%: reflection
@: strong-willed, regenerating, lightly drained
A: horns 2, retaliatory headbutt
a: Renounce Religion, Berserk, Trog's Hand, Brothers in Arms


You were on level 9 of the Dungeon.
You worshipped Trog.
Trog was extremely pleased with you.
You visited 1 branch of the dungeon, and saw 9 of its levels.
You also visited: Sewer.

You collected 401 gold pieces.
You spent 313 gold pieces at shops.

Inventory:

Hand Weapons
 a - a +0 heavy war axe (weapon)
 j - a +0 hand axe
Missiles
 s - 4 curare-tipped darts (quivered)
 u - 22 poisoned darts
Armour
 t - the +1 chain mail of the Three Beggars {rF+++ rC+++ Will- Int-2}
   (You bought it in a shop on level 4 of the Dungeon)

   Int:       It affects your intelligence (-2).
   rF:        It renders you almost immune to fire.
   rC:        It renders you almost immune to cold.
   Will:      It decreases your willpower.
 z - a +2 pair of boots (worn)
 A - a +2 chain mail of willpower (worn)
Jewellery
 p - an amulet of reflection (around neck)
Wands
 d - a wand of mindburst (24)
 h - a wand of digging (9)
 i - a wand of polymorph (13)
 m - a wand of flame (23)
Scrolls
 c - 2 scrolls of teleportation
 e - 3 scrolls of identify
 f - a scroll of magic mapping
 y - a scroll of immolation
 B - a scroll of enchant armour
Potions
 b - 4 potions of haste
 g - 7 potions of heal wounds
 k - 3 potions of invisibility
 l - a potion of mutation {unknown}
 n - 2 potions of berserk rage
 o - a potion of brilliance {unknown}
 q - 3 potions of curing
 r - a potion of might {unknown}
 v - a potion of attraction
 w - a potion of lignification
 x - 3 potions of flight


   Skills:
 + Level 7.3 Fighting
 + Level 15.1 Axes
 + Level 6.8 Armour
 + Level 6.1 Dodging


You had 9 spell levels left.
You didn't know any spells.
Your spell library was empty.

Dungeon Overview and Level Annotations

Branches:
Dungeon (9/15)             Temple (0/1) D:7            Lair (0/5) D:9
    Orc (0/2) D:9           Sewer (visited)

Altars:
Dithmenos
Elyvilon
Fedhas
Hepliaklqana
Kikubaaqudgha
Okawaru
Qazlal
Ru
Uskayaw
Vehumet
Xom
Yredelemnul
Zin

Shops:
D:4 ??[   D:7 (


Innate Abilities, Weirdness & Mutations

You have a pair of horns on your head.
You reflexively headbutt those who attack you in melee.


Message History

Trog accepts your kill.
You start resting.
You feel yourself speed up.
You start resting.
You recover from your berserk rage.
You start resting.
You hear the steady creaking of a very distant portcullis.
You start resting.
You hear the steady creaking of a very distant portcullis.
You start resting.
You hear the quick creaking of a very distant portcullis.
A wight comes into view. It is wielding a +4 halberd.
A lava snake comes into view.
The lava snake hisses angrily.
The lava snake spits lava at you. The glob of lava hits you!!
You are too injured to fight recklessly!
You are too injured to fight recklessly!
The wight hits you with a +4 halberd!
You closely miss the wight. The wight hits you with a +4 halberd!
* * * LOW HITPOINT WARNING * * *
You hit the wight but do no damage. The wight hits you with a +4 halberd.
* * * LOW HITPOINT WARNING * * *
Your skin crawls.
You feel strong-willed. The wight hits you with a +4 halberd.
* * * LOW HITPOINT WARNING * * *
You feel drained.
* * * LOW HITPOINT WARNING * * *
You hit the wight.
The wight is lightly damaged.
The wight closely misses you.
You slash the wight!
The wight is almost destroyed.
You block the wight's attack. The lava snake spits lava at you.
The glob of lava hits you!
* * * LOW HITPOINT WARNING * * *
The wight hits you with a +4 halberd!
You die...

...§§§§≈§...# ..
..§§≈§§§....# ..
.§§§§§§≈....###. ..
....§§S.......... ..
.................. ..
................... ..
.#...#.............. ..
..................... ..
..#...z@............. ..
#..#.................
.#.....................#
....#............... ..#
#.................###...
..#...........)###...###
.#...#...≈≈§...#E#...#E#
..#....≈≈≈§§).###...###
.......≈§≈§≈....)......


You could see a lava snake (catching breath) and a wight.

Vanquished Creatures
  A two-headed ogre (D:9)
  Pikel (D:5)
  A vampire (D:9)
  A wyvern (D:7)
  A steam dragon (D:8)
  Edmund (D:5)
  3 water moccasins
  An orc warrior (D:9)
  6 centaurs
  A lemure (D:5)
  3 kobold brigands
  4 necrophages (D:4)
  2 gnoll sergeants
  2 bullfrogs
  2 scorpions
  19 wights
  3 killer bees (D:7)
  2 howler monkeys (D:8)
  A lava snake (D:9)
  A hound (D:6)
  2 jellies (D:5)
  2 orc priests
  A gnoll bouda (D:7)
  3 iguanas
  7 orc wizards
  2 hound zombies (D:4)
  Robin (D:4)
  23 gnolls
  9 adders
  A shadow imp (D:7)
  An adder zombie (D:4)
  2 worms
  A dart slug (D:4)
  27 orcs
  5 bats
  10 endoplasms
  A giant cockroach (D:1)
  10 goblins
  9 hobgoblins
  3 jackals (Sewer)
  8 quokkas
  7 ball pythons
  3 frilled lizards
  18 kobolds
  10 rats
  A toadstool (D:1)
223 creatures vanquished.

Vanquished Creatures (others)
  A bush (D:4)
  13 plants (D:4)
  4 toadstools (D:1)
18 creatures vanquished.

Grand Total: 241 creatures vanquished

Notes
Turn   | Place    | Note
-------+----------+-------------------------------------------
     0 | D:1      | raph the Minotaur Berserker began the quest for the Orb.
     0 | D:1      | Reached XP level 1. HP: 19/19 MP: 0/0
    84 | D:1      | Reached skill level 4 in Axes
   233 | D:1      | Reached XP level 2. HP: 26/26 MP: 1/1
   334 | D:1      | Found a faded altar of an unknown god.
   571 | D:1      | Reached ** piety under Trog
   578 | D:1      | Reached skill level 5 in Axes
   578 | D:1      | Reached XP level 3. HP: 18/31 MP: 2/2
  1026 | D:2      | Found a stormy altar of Qazlal.
  1363 | D:2      | Reached skill level 6 in Axes
  1363 | D:2      | Reached XP level 4. HP: 31/39 MP: 3/3
  1531 | D:2      | Identified the +0 robe of Infinity {Str+3}
  1850 | D:3      | Found an ornate altar of the Wu Jian Council.
  1852 | D:3      | Found a hide-covered altar of Uskayaw.
  1852 | D:3      | Found a basalt altar of Yredelemnul.
  1854 | D:3      | Found a hazy altar of Hepliaklqana.
  1854 | D:3      | Found a shimmering altar of Xom.
  1854 | D:3      | Found an ancient bone altar of Kikubaaqudgha.
  2493 | D:4      | Noticed Robin
  2500 | D:4      | Reached skill level 7 in Axes
  2500 | D:4      | Reached XP level 5. HP: 41/45 MP: 4/4
  2509 | D:4      | Killed Robin
  2509 | D:4      | Reached *** piety under Trog
  2566 | D:4      | Found Paet's Antique Armour Emporium.
  2568 | D:4      | Found Mexoimas's Magic Scroll Shoppe.
  2720 | D:4      | Bought a steaming chain mail for 190 gold pieces
  2720 | D:4      | Identified the +1 chain mail of the Three Beggars {rF+++
                  | rC+++ Will- Int-2} (You bought it in a shop on level 4 of
                  | the Dungeon)
  2866 | D:4      | Reached skill level 8 in Axes
  2981 | D:4      | Found Qenkiu's Magic Scroll Boutique.
  3033 | D:4      | Reached XP level 6. HP: 51/51 MP: 5/5
  3233 | D:4      | Found a blossoming altar of Fedhas.
  3369 | D:4      | Reached skill level 9 in Axes
  3514 | D:4      | Reached XP level 7. HP: 57/57 MP: 6/6
  3541 | D:5      | Entered Level 5 of the Dungeon
  3541 | D:5      | Noticed Pikel
  3548 | D:5      | Killed Pikel
  3549 | D:5      | Reached skill level 11 in Axes
  3699 | D:5      | Noticed Edmund
  3703 | D:5      | Reached XP level 8. HP: 64/64 MP: 7/7
  3706 | D:5      | Killed Edmund
  3707 | D:5      | Reached skill level 12 in Axes
  4053 | D:5      | Found a shadowy altar of Dithmenos.
  4168 | D:5      | Reached skill level 13 in Axes
  4480 | D:5      | Found an ancient bone altar of Kikubaaqudgha.
  4480 | D:5      | Found a radiant altar of Vehumet.
  4482 | D:5      | Found a glowing silver altar of Zin.
  4483 | D:5      | Found a sacrificial altar of Ru.
  4620 | D:6      | Found a hazy altar of Hepliaklqana.
  4786 | D:6      | Reached **** piety under Trog
  4883 | D:6      | Found a glowing drain.
  4887 | Sewer    | Entered a sewer
  4947 | Sewer    | Reached skill level 14 in Axes
  5139 | Sewer    | Found a white marble altar of Elyvilon.
  5198 | D:6      | Reached XP level 9. HP: 66/71 MP: 8/8
  5533 | D:4      | Bought a scroll of brand weapon for 123 gold pieces
  5699 | D:7      | Identified the +2 robe of Agoraphobia {rElec Will+ Int-3}
  5759 | D:7      | Found a hide-covered altar of Uskayaw.
  5808 | D:7      | Found a staircase to the Ecumenical Temple.
  6022 | D:7      | Reached skill level 5 in Fighting
  6083 | D:7      | Found Wiqawuang's Weapon Shop.
  6456 | D:8      | Reached skill level 5 in Armour
  6645 | D:8      | Found an iron altar of Okawaru.
  7142 | D:8      | Reached skill level 5 in Dodging
  7291 | D:9      | Noticed a two-headed ogre
  7299 | D:9      | Killed a two-headed ogre
  7300 | D:9      | Reached XP level 10. HP: 84/84 MP: 9/9
  7345 | D:9      | Found a staircase to the Lair.
  7346 | D:9      | Found a staircase to the Orcish Mines.
  7382 | D:9      | Found a white marble altar of Elyvilon.
  7398 | D:9      | Reached skill level 15 in Axes
  7492 | D:9      | Reached ***** piety under Trog
  7494 | D:9      | Found a stormy altar of Qazlal.
  7674 | D:9      | Mangled by a wight

Illustrated notes

Levels and vault maps discovered:
D:1:      ldierk_walled_garden, layout_basic, basic_ecumenical_altar,
          serial_forest, infiniplex_forest_straight_3,
          infiniplex_forest_straight_3, infiniplex_forest_zigzag_1,
          infiniplex_forest_corner_2, infiniplex_forest_clump_diagonal,
          infiniplex_forest_straight_4, infiniplex_forest_end_2,
          infiniplex_forest_clump_small, infiniplex_forest_lined_corner
D:2:      layout_loops_ring, basic_altar
D:3:      layout_loops_ring, doesnt_xom_only_xom
D:4:      layout_basic, fedhas_altar_decomposition, serial_shops, shop, shop,
          shop, uniq_robin
D:5:      layout_basic, nicolae_dithmenos_shadow_blocks,
          mainiacjoe_overflow_alcove_3, uniq_pikel, uniq_edmund
D:6:      layout_rooms, nzn_hepliaklqana_mist_gate, gup_sewer_entry_bowl
D:7:      layout_loops_ring, nicolae_uskayaw_murder_on_the_dancefloor,
          minmay_temple_entry_slanted, serial_shops, shop
D:8:      layout_loops_ring, nicolae_overflow_crystal_walls,
          chequers_serial_rivers_small_b
D:9:      layout_big_octagon, mainiacjoe_overflow_paths,
          nicolae_qazlal_style_of_elements, lightli_bailey_entry_fortress,
          minmay_increasing_density

Skill      XL: |  1  2  3  4  5  6  7  8  9 10 |
---------------+-------------------------------+-----
Axes           | 4 5 6 7 8 9 11 14 15 | 15.1
Fighting       | 6 7 |  7.3
Armour         | 6 |  6.8
Dodging        | 5 6 |  6.1

Action                     |  1- 3 |  4- 6 |  7- 9 | 10-12 || total
---------------------------+-------+-------+-------+-------++-------
  Melee: Hand axe          |    59 |       |       |       ||    59
         Headbutt          |    10 |    27 |    23 |     3 ||    63
         War axe           |    17 |   122 |   200 |    39 ||   378
         Punch             |       |       |     3 |       ||     3
 Invoke: Berserk           |       |     4 |     7 |     2 ||    13
         Trog's Hand       |       |     1 |     2 |     1 ||     4
    Use: Scroll            |       |     9 |     9 |       ||    18
 Armour: Animal skin       |    12 |       |       |       ||    12
         Chain mail        |     4 |    53 |    93 |    29 ||   179
  Dodge: Dodged            |    51 |    49 |    82 |    28 ||   210
  Block: Other             |       |    12 |    40 |    19 ||    71
         Reflection        |       |       |     4 |     2 ||     6
